 Dungeon Crawl Stone Soup version 0.30.0-10-gfe55d96785 (webtiles) character file.

Game seed: 1020205234828002831

53034 Kenran the Warrior (level 14, -1/143 HPs)
             Began as a Minotaur Cinder Acolyte on May 15, 2023.
             Was a High Priest of Ignis.
             Slain by a freezing wraith (19 damage)
             ... on level 13 of the Dungeon.
             The game lasted 00:32:55 (19596 turns).

Kenran the Warrior (Minotaur Cinder Acolyte)       Turns: 19596, Time: 00:32:56

Health: -1/143     AC: 24    Str: 20    XL:     14   Next: 29%
Magic:  0/14       EV: 11    Int: 11    God:    Ignis [*****.]
Gold:   1618       SH:  0    Dex: 16    Spells: 15/15 levels left

rFire   + + .        b - +12 falchion of Puckish Defiance {heavy, rF+}
rCold   . . .        (no shield)
rNeg    . . .        n - +0 plate armour
rPois   .            (helmet restricted)
rElec   .            R - scarf {repulsion}
rCorr   .            Q - +1 pair of gloves
SInv    .            u - +0 pair of boots
Will    +....        I - amulet of guardian spirit Stlth
                     E - +4 ring of protection
HPRegen 0.43/turn    G - +6 ring of dexterity
MPRegen 0.14/turn

%: repel missiles, guardian spirit
@: slowed, very slow
A: horns 2, retaliatory headbutt
a: Renounce Religion, Fiery Armour, Foxfire Swarm, Rising Flame


You were on level 13 of the Dungeon.
You worshipped Ignis.
Ignis was extremely pleased with you.
You visited 2 branches of the dungeon, and saw 18 of its levels.
You also visited: Ossuary.

You collected 1699 gold pieces.
You spent 81 gold pieces at shops.

Inventory:

Hand Weapons
 a - a -1 falchion of flaming
 b - the +12 falchion of Puckish Defiance (weapon) {heavy, rF+}
   (You acquired it on level 1 of the Dungeon)

   rF:        It protects you from fire.
Armour
 n - a +0 plate armour (worn)
 u - a +0 pair of boots (worn)
 Q - a +1 pair of gloves (worn)
 R - a scarf of repulsion (worn)
Jewellery
 f - a ring of resist corrosion
 h - a ring of positive energy
 E - a +4 ring of protection (left hand)
 G - a +6 ring of dexterity (right hand)
 I - an amulet of guardian spirit (around neck)
 J - a ring of protection from cold
Wands
 e - a wand of paralysis (18)
 o - a wand of flame (17)
 A - a wand of iceblast (16)
 B - a wand of polymorph (6)
 K - a wand of digging (11)
 N - a wand of mindburst (3)
Scrolls
 d - 4 scrolls of magic mapping
 g - 6 scrolls of teleportation
 l - 5 scrolls of poison {!r}
 m - a scroll of enchant weapon
 q - a scroll of fog
 s - 3 scrolls of immolation {!r}
 t - 5 scrolls of blinking
 y - 4 scrolls of enchant armour
 z - a scroll of silence
 D - 6 scrolls of vulnerability {!r}
 H - 4 scrolls of fear
 L - a scroll of identify {@r1}
Potions
 c - 4 potions of might
 i - 11 potions of curing {@q1}
 j - 4 potions of magic
 k - 2 potions of heal wounds {@q2}
 p - 7 potions of brilliance
 r - 3 potions of lignification {!q}
 v - 3 potions of haste
 w - 3 potions of flight
 x - 4 potions of mutation {!q}
 M - a potion of attraction {!q}
 P - a potion of berserk rage {!q}
Miscellaneous
 F - a tin of tremorstones (2/2)
 O - a phial of floods


   Skills:
 - Level 18.0 Fighting
 + Level 14.2 Long Blades
 + Level 14.2 Armour
 + Level 10.3 Dodging
 - Level 1.0 Spellcasting
 - Level 2.1 Fire Magic
 - Level 7.0 Evocations


You had 15 spell levels left.
You didn't know any spells.
Your spell library contained the following spells:

 Spells                   Type           Power      Damage    Failure   Level
 Scorch                   Fire           10%        2d5       94%         2
 Apportation              Tloc           0%         N/A       98%         1
 Magic Dart               Conj           0%         1d3       98%         1
 Necrotise                Necr           0%         1d4       98%         1
 Summon Small Mammal      Summ           0%         N/A       98%         1
 Cigotuvi's Dreadful Rot  Necr/Pois/Air  0%         N/A       99%         2
 Poisonous Vapours        Pois/Air       0%         N/A       99%         2
 Searing Ray              Conj           0%         2d4       99%         2
 Static Discharge         Conj/Air       0%         2-2/arc   99%         2
 Dazzling Flash           Conj/Hex       0%         N/A       100%        3
 Ignite Poison            Fire/Tmut/Pois 2%         N/A       100%        3
 Mephitic Cloud           Conj/Pois/Air  0%         N/A       100%        3
 Portal Projectile        Hex/Tloc       0%         N/A       100%        3
 Tukima's Dance           Hex            0%         N/A       100%        3
 Vampiric Draining        Necr           0%         2d6       100%        3
 Airstrike                Air            0%         2d(0-16)  100%        4
 Cause Fear               Hex            0%         N/A       100%        4
 Flame Wave               Conj/Fire      2%         2d4       100%        4
 Fulminant Prism          Conj/Hex       0%         3d5       100%        4
 Summon Lightning Spire   Summ/Air       0%         N/A       100%        4
 Agony                    Necr           0%         N/A       100%        5
 Alistair's Intoxication  Tmut/Pois      0%         N/A       100%        5
 Blade Hands              Tmut           0%         N/A       100%        5
 Freezing Cloud           Conj/Ice/Air   0%         6-21      100%        5
 Summon Cactus Giant      Summ           0%         N/A       100%        6
 Dragon Form              Tmut           0%         N/A       100%        7
 Dragon's Call            Summ           0%         N/A       100%        9


Dungeon Overview and Level Annotations

Branches:
Dungeon (13/15)            Temple (0/1) D:5            Lair (5/5) D:11
  Swamp (0/4) Lair:3        Snake (0/4) Lair:3        Slime (0/5) Lair:5
    Orc (0/2) D:12        Ossuary (visited)
 Vaults: D:13-14

Altars:
Ashenzari
Elyvilon
Gozag
Makhleb
Okawaru
Qazlal
Ru
Trog
Vehumet
Wu Jian
Yredelemnul
Zin
Lugonu

Shops:
D:5 *   D:6 [

Portals:
Abyss: Lair:5

Annotations:
D:5 1 runed translucent door, Mandevil's ghost, novice HORe


Innate Abilities, Weirdness & Mutations

You have a pair of horns on your head.
You reflexively headbutt those who attack you in melee.


Message History

You barely miss the freezing wraith.
The freezing wraith is severely damaged.
The freezing wraith misses you. You furiously retaliate!
You headbutt the freezing wraith!
The freezing wraith hits you but does no damage. x3
You hit the freezing wraith but do no damage.
You headbutt the freezing wraith.
The freezing wraith is severely damaged.
The freezing wraith hits you but does no damage.
The freezing wraith closely misses you. The freezing wraith hits you.
The freezing wraith freezes you!
The freezing wraith hits you but does no damage.
You hit the freezing wraith.
You headbutt the freezing wraith, but do no damage.
You punch the freezing wraith, but do no damage.
The freezing wraith is almost destroyed.
The freezing wraith hits you. The freezing wraith freezes you!!
The freezing wraith hits you! x2; The freezing wraith freezes you!!
The freezing wraith closely misses you.
You are too injured to fight recklessly!
You are too injured to fight recklessly!
You hit the freezing wraith but do no damage.
The freezing wraith is almost destroyed.
You closely miss the freezing wraith.
The freezing wraith is almost destroyed.
The freezing wraith hits you but does no damage.
The freezing wraith hits you. The freezing wraith drains your vigour!
You feel yourself slow down. The freezing wraith hits you!
The freezing wraith freezes you!
The freezing wraith hits you but does no damage.
You barely miss the freezing wraith.
The freezing wraith is almost destroyed.
The freezing wraith hits you.
* * * LOW HITPOINT WARNING * * *
The freezing wraith freezes you!!
* * * LOW HITPOINT WARNING * * *
The freezing wraith closely misses you. The freezing wraith hits you.
* * * LOW HITPOINT WARNING * * *
The freezing wraith freezes you!!
You die...

###### #.....
#....# #....#
#....# #....#
####....#
#....)@W#
#......W......
#.............
#.............
#............8
#..............
#...)######....
..... ...≈


You could see 2 freezing wraiths.

Vanquished Creatures
  Nessos (Lair:3)
  3 hydras
  A catoblepas (Lair:4)
  2 two-headed ogres
  A boulder beetle (D:12)
  4 thrashing horrors (Lair:5)
  3 skysharks
  2 deep elf pyromancers
  An obsidian statue (D:9)
  An ugly thing (Lair:5)
  16 elephants
  A cyclops (D:11)
  2 manticores
  3 slime creatures (D:12)
  11 black mambas
  7 cane toads
  3 torpor snails
  11 komodo dragons
  A rime drake (Lair:5)
  2 ancient zymes (Lair:5)
  A troll (D:9)
  A polar bear (shapeshifter) (Lair:5)
  2 tyrant leeches
  Grinder (D:4)
  2 hornets
  3 polar bears
  13 blink frogs (Lair:5)
  6 dream sheep
  A vampire (D:11)
  A centaur simulacrum (D:13)
  4 shadows
  2 ynoxinuls (Lair:5)
  A spriggan (Lair:5)
  A wyvern (shapeshifter) (Lair:5)
  2 large abominations (Lair:5)
  35 yaks
  4 wyverns
  5 vampire mosquitoes (D:12)
  A steam dragon (D:9)
  5 basilisks (Lair:5)
  A warg (shapeshifter) (Lair:5)
  A swamp worm (Lair:2)
  9 small abominations (Lair:5)
  20 water moccasins
  3 black bears
  4 ice beasts
  14 orc warriors
  An ogre (D:5)
  4 wolves (Lair:2)
  14 centaurs
  A phantom (D:4)
  14 bullfrogs
  6 scorpions
  3 gnoll sergeants
  16 killer bees
  3 howler monkeys
  6 electric eels (D:9)
  A crimson imp (D:7)
  6 jellies
  A gnoll bouda (D:9)
  17 orc priests
  A hound (D:7)
  Ijyb (D:4)
  An iguana (shapeshifter) (Lair:5)
  3 iguanas
  2 sleepcaps
  Natasha (D:2)
  18 orc wizards
  8 mummies (Ossuary)
  12 gnolls
  13 adders
  2 shadow imps
  2 white imps
  4 dart slugs
  88 orcs
  8 ball pythons
  6 endoplasms
  4 giant cockroaches
  8 goblins
  2 hobgoblins
  17 kobolds
  4 quokkas
  4 bats
  3 frilled lizards
  2 gnoll zombies (Ossuary)
  A goblin zombie (D:5)
  4 kobold zombies (Ossuary)
  2 orc zombies (Ossuary)
  6 rats
  A rat zombie (D:5)
540 creatures vanquished.

Vanquished Creatures (others)
  A kobold (D:9)
1 creature vanquished.

Grand Total: 541 creatures vanquished

Notes
Turn   | Place    | Note
-------+----------+-------------------------------------------
     0 | D:1      | Kenran the Minotaur Cinder Acolyte began the quest for the
                  | Orb.
     0 | D:1      | Reached XP level 1. HP: 19/19 MP: 1/1
   134 | D:1      | Reached XP level 2. HP: 26/26 MP: 2/2
   278 | D:1      | Identified a scroll of acquirement
   281 | D:1      | Acquired the +12 falchion of Puckish Defiance {heavy, rF+}
   663 | D:1      | Reached skill level 5 in Long Blades
   727 | D:2      | Reached XP level 3. HP: 31/31 MP: 3/3
  1062 | D:2      | Noticed Natasha
  1067 | D:2      | Killed Natasha
  1068 | D:2      | Reached XP level 4. HP: 28/39 MP: 4/4
  1217 | D:2      | Found a faded altar of an unknown god.
  1369 | D:3      | Found a sacrificial altar of Ru.
  1455 | D:3      | Reached XP level 5. HP: 32/45 MP: 5/5
  2024 | D:4      | Reached XP level 6. HP: 51/51 MP: 6/6
  2223 | D:4      | Noticed Grinder
  2226 | D:4      | Noticed Ijyb
  2230 | D:4      | Paralysed by something for 5 turns
  2242 | D:4      | Killed Ijyb
  2246 | D:4      | Killed Grinder
  2247 | D:4      | Reached skill level 10 in Long Blades
  2247 | D:4      | Reached skill level 4 in Fighting
  2247 | D:4      | Reached XP level 7. HP: 56/59 MP: 7/7
  2317 | D:4      | Reached skill level 5 in Fighting
  2517 | D:4      | Reached skill level 6 in Fighting
  2823 | D:5      | Entered Level 5 of the Dungeon
  2848 | D:5      | Reached skill level 7 in Fighting
  2848 | D:5      | Reached XP level 8. HP: 70/73 MP: 8/8
  2876 | D:5      | Found a staircase to the Ecumenical Temple.
  3144 | D:5      | Found a runed translucent door.
  3145 | D:5      | Noticed Mandevil's ghost (novice HORe)
  3156 | D:5      | Reached skill level 8 in Fighting
  3160 | D:5      | Found a sand-covered staircase.
  3175 | Ossuary  | Entered an ossuary
  3468 | D:5      | Reached skill level 9 in Fighting
  3468 | D:5      | Found Keunelun's Assorted Antiques.
  3475 | D:5      | Bought a black potion for 25 gold pieces
  3475 | D:5      | Bought a scroll of identify for 56 gold pieces
  3586 | D:5      | Reached skill level 1 in Armour
  3917 | D:6      | Found Mouff's Antique Armour Shop.
  4041 | D:6      | Found a white marble altar of Elyvilon.
  4408 | D:6      | Identified the +1 robe of Trumpets {rElec Stlth+ Archmagi}
  4426 | D:6      | Reached XP level 9. HP: 80/83 MP: 9/9
  4549 | D:6      | Reached skill level 5 in Armour
  5069 | D:7      | Found an iron altar of Okawaru.
  5510 | D:7      | Found a radiant altar of Vehumet.
  5929 | D:7      | Found a burning altar of Makhleb.
  6143 | D:8      | Found a glowing silver altar of Zin.
  6270 | D:8      | Reached XP level 10. HP: 85/91 MP: 10/10
  6809 | D:8      | Found a stormy altar of Qazlal.
  7028 | D:9      | Noticed an obsidian statue
  7379 | D:9      | Reached skill level 10 in Fighting
  7633 | D:9      | Found an opulent altar of Gozag.
  7676 | D:9      | Found an ornate altar of the Wu Jian Council.
  7722 | D:9      | Noticed a two-headed ogre
  7728 | D:9      | Killed a two-headed ogre
  7883 | D:9      | Reached skill level 11 in Fighting
  8279 | D:9      | Found a bloodstained altar of Trog.
  8494 | D:9      | Killed an obsidian statue
  8498 | D:9      | Identified the staff of cold "Isompaor" {Fly rC+ Will++
                  | Int+3 Dex-2}
  8548 | D:10     | Entered Level 10 of the Dungeon
  8607 | D:10     | Noticed a two-headed ogre
  8621 | D:10     | Killed a two-headed ogre
  8622 | D:10     | Reached skill level 12 in Fighting
  8622 | D:10     | Reached skill level 10 in Armour
  8622 | D:10     | Reached XP level 11. HP: 104/104 MP: 11/11
  8790 | D:10     | Reached skill level 1 in Evocations
  9030 | D:10     | Found a broken altar of Ashenzari.
  9622 | D:11     | Found a staircase to the Lair.
  9736 | D:11     | You fall into a shaft and drop 1 floor!
  9761 | D:12     | Found a staircase to the Orcish Mines.
  9878 | D:12     | Noticed a deep elf pyromancer
  9920 | D:12     | Killed a deep elf pyromancer
 10115 | D:11     | Reached skill level 13 in Fighting
 11265 | Lair:1   | Entered Level 1 of the Lair of Beasts
 11350 | Lair:1   | Reached skill level 1 in Dodging
 11355 | Lair:1   | Reached skill level 5 in Evocations
 11530 | Lair:1   | Reached skill level 14 in Fighting
 11709 | Lair:1   | Reached XP level 12. HP: 98/118 MP: 9/12
 11828 | Lair:1   | Got the Compendium of Nasty Forms
 11853 | Lair:1   | Reached skill level 5 in Dodging
 12419 | Lair:2   | Reached skill level 15 in Fighting
 13327 | Lair:3   | Found a staircase to the Swamp.
 13694 | Lair:3   | Found a staircase to the Snake Pit.
 13990 | Lair:3   | Noticed Nessos
 14004 | Lair:3   | Killed Nessos
 14512 | Lair:3   | Reached XP level 13. HP: 126/126 MP: 13/13
 16338 | Lair:5   | Entered Level 5 of the Lair of Beasts
 16403 | Lair:5   | Found a staircase to the Slime Pits.
 16725 | Lair:5   | Found a basalt altar of Yredelemnul.
 16844 | Lair:5   | Reached skill level 10 in Dodging
 17132 | Lair:5   | Reached skill level 16 in Fighting
 17657 | Lair:5   | Reached skill level 17 in Fighting
 17899 | Lair:5   | Reached XP level 14. HP: 140/140 MP: 14/14
 18330 | Lair:5   | Found a corrupted altar of Lugonu.
 18330 | Lair:5   | Found a one-way gate to the infinite horrors of the Abyss.
 18415 | Lair:5   | Got the Meditations on Radiant Spectres
 18569 | Lair:5   | Reached skill level 18 in Fighting
 19596 | D:13     | Slain by a freezing wraith

Illustrated notes

Levels and vault maps discovered:
D:1:      evilmike_arrival_fibonacci_small, layout_basic,
          dreamdust_princess_corridor, kennysheep_doodads
D:2:      layout_basic, ebering_ecumenical_altar_rust, uniq_natasha
D:3:      layout_rooms, amcnicky_altar_gilded
D:4:      layout_loops_ring, uniq_grinder, uniq_ijyb
D:5:      layout_layer_cave, minmay_temple_entry_overgrown,
          ebering_ghost_sewer_d, serial_shops, shop, enter_ossuary_4
D:6:      layout_basic, overflow_temple_1_default, nicolae_stop_n_shop_2,
          dreamdust_wishing_well, hangedman_decor_slide_cut,
          chequers_serial_rivers_micro_e
D:7:      layout_gridville, okawaru_ov_weapons_minmay, makhleb_grotto_becter,
          nicolae_vehumet_altar_sigil
D:8:      layout_rooms, mainiacjoe_overflow_24_doors,
          mainiacjoe_overflow_alcove_1
D:9:      layout_roguey, lemuel_doored_altar, mainiacjoe_overflow_two_lobes,
          serial_bayou, serial_bayou_ford_a, serial_bayou_lagoon_b,
          serial_bayou_pond_b, serial_bayou_pond_b, minivault_15
D:10:     layout_roguey, cheibrodos_ashenzari_chains, minivault_22
D:11:     minmay_goldmine, layout_loops_cross, david_lair_generic
D:12:     layout_loops_ring, hiddenorc2_lemuel
D:13:     lemuel_vampire_tower, layout_irregular_city,
          kennysheep_opposing_triangles
Lair:1:   layout_long_grid, grunt_megastairs_4, infiniplex_staircase_pool_2,
          serial_bayou_shore_b, lemuel_fruit_tree
Lair:2:   layout_chaotic_city
Lair:3:   layout_cave_pods, minmay_swamp_entry_worms,
          minmay_snake_entry_six_corridors, uniq_nessos
Lair:4:   layout_loops_ring, st_stairs_3, grunt_megastairs_3
Lair:5:   hellmonk_lair_end_abyssal_woods, layout_loops_ring,
          nicolae_slime_entry_slimehenge, basic_altar

Skill      XL: |  1  2  3  4  5  6  7  8  9 10 11 12 13 14 |
---------------+-------------------------------------------+-----
Long Blades    | 4 5 6 7 8 10 11 14 | 14.2
Fighting       | 4 7 9 12 14 15 17 18 | 18.0
Armour         | 4 6 10 14 | 14.2
Evocations     | 5 7 |  7.0
Dodging        | 4 6 10 | 10.3
Spellcasting   | |  1.0
Fire Magic     | |  2.1

Action                     |  1- 3 |  4- 6 |  7- 9 | 10-12 | 13-15 || total
---------------------------+-------+-------+-------+-------+-------++-------
  Melee: Falchion          |    72 |    87 |   224 |   538 |   407 ||  1328
         Headbutt          |     5 |     7 |    29 |   112 |   105 ||   258
         Punch             |       |     1 |     2 |     5 |     3 ||    11
 Invoke: Fiery Armour      |       |       |     1 |     1 |       ||     2
  Evoke: Wand              |       |       |       |    15 |     1 ||    16
    Use: Scroll            |     5 |     3 |     8 |    13 |     1 ||    30
         Potion            |       |       |       |     2 |       ||     2
   Stab: Paralysed         |       |       |       |     4 |       ||     4
         Petrified         |       |       |       |       |     3 ||     3
 Armour: Robe              |     4 |       |       |       |       ||     4
         Ring mail         |    24 |    34 |       |       |       ||    58
         Plate armour      |       |    17 |   165 |   433 |   338 ||   953
  Dodge: Dodged            |    34 |    43 |    66 |   206 |   272 ||   621
